 Dungeon Crawl Stone Soup version 0.31-a0-986-g5e6e4ef867 (webtiles) character file.

Game seed: 7797559369407149825

891 Sanktem7 the Chopper (level 7, -3/62 HPs)
             Began as a Minotaur Fighter on Nov 9, 2023.
             Slain by a fire bat (4 damage)
             ... on level 1 of the Abyss.
             The game lasted 00:06:30 (4017 turns).

Sanktem7 the Chopper (Minotaur Fighter)             Turns: 4017, Time: 00:06:30

Health: -3/62      AC:  7    Str: 22    XL:     7   Next: 78%
Magic:  0/6        EV:  8    Int:  5    God:
Gold:   212        SH:  9    Dex: 10    Spells: 6/6 levels left

rFire   . . .        a - +1 war axe {axe}
rCold   . . .        t - +0 kite shield
rNeg    . . .        b - +0 scale mail
rPois   .            (helmet restricted)
rElec   .            (no cloak)
rCorr   .            (no gloves)
SInv    .            (no boots)
Will    .....        c - amulet of guardian spirit Stlth
                     (no ring)
HPRegen 0.30/turn    (no ring)
MPRegen 0.10/turn

%: guardian spirit
@: no status effects
A: horns 2, retaliatory headbutt
a: no special abilities


You were on level 1 of the Abyss.
You visited 1 branch of the dungeon, and saw 5 of its levels.
You visited the Abyss 1 time.

You collected 212 gold pieces.


Innate Abilities, Weirdness & Mutations

You have a pair of horns on your head.
You reflexively headbutt those who attack you in melee.


   Skills:
 + Level 5.6 Fighting
 * Level 6.7 Axes
 + Level 3.1 Throwing
 + Level 5.6 Armour
 + Level 5.6 Shields


You had 6 spell levels left.
You didn't know any spells.
Your spell library contained the following spells:

 Spells                   Type           Power      Damage    Failure   Level
 Cigotuvi's Dreadful Rot  Necr/Pois/Air  0%         N/A       99%         2
 Dispel Undead            Necr           0%         3d6       100%        4
 Death Channel            Necr           0%         N/A       100%        6

Inventory:

Hand Weapons
 a - a +1 war axe (weapon) {axe}
 e - a +2 dagger of draining {short}
   (You took it off a goblin on level 1 of the Dungeon)
 i - a +2 spectral quarterstaff {staff}
   (You found it on level 5 of the Dungeon)
 r - a +2 vampiric trident {polearm}
   (You found it on level 3 of the Dungeon)
Missiles
 j - 3 boomerangs {throwing}
 k - 35 stones {throwing}
 n - 4 atropa-tipped darts {throwing}
Armour
 b - a +0 scale mail (worn)
 t - a +0 kite shield (worn)
   (You found it on level 3 of the Dungeon)
Magical Staves
 g - a staff of poison {!astaff}
   (You found it on level 5 of the Dungeon)
Jewellery
 c - an amulet of guardian spirit (around neck)
   (You found it on level 3 of the Dungeon)
Wands
 u - a wand of flame (21)
   (You took it off Ijyb on level 4 of the Dungeon)
Scrolls
 o - a scroll of blinking {!r}
Potions
 d - a potion of might
 f - 2 potions of haste {unknown}
 h - 2 potions of brilliance {unknown}
 l - 4 potions of resistance
 m - a potion of curing {unknown}

Dungeon Overview and Level Annotations

Branches:
Dungeon (5/15) Zot: 25941
 Temple: D:4-7

Altars:
Dithmenos

Annotations:
D:5 Edmund

...ยง..F........
. ยง.............
#. #F.# ..# ..#
##..##..##..##..#
.................
.......x.......
#.....#.ยงF..#...
##...###.b.##
##.# ##@## #..
#...# #.. #.....#
.. .........
..#.....#..
...###...###...
#.# ##.## #.# ..
... ..


You could see 2 blink frogs, a small abomination and a fire bat.


Message History

No target in view!
No target in view!
No target in view!
You feel sick.
Edmund the Younger comes into view.
He is wielding a +0 flail of distortion. ๐Ÿ˜• HP[-1]
You take 1 damage, and now have 57/62 hp.
You feel sick.
Edmund shouts!
You feel sick.
You are no longer poisoned. ๐Ÿ˜• HP[-1]
You take 1 damage, and now have 56/62 hp.
You closely miss Edmund. Your headbutt misses Edmund.
Edmund hits you with a +0 flail of distortion.
You block Edmund's attack. ๐Ÿ˜• HP[-2]
You take 2 damage, and now have 54/62 hp.
You slash Edmund! You headbutt Edmund, but do no damage.
You block Edmund's attack.
You barely miss Edmund. Edmund closely misses you.
You slash Edmund! Your headbutt misses Edmund.
Edmund barely misses you. ๐Ÿ˜• HP[+1]
You barely miss Edmund. You headbutt Edmund!
Edmund hits you but does no damage. Space warps around you.
Edmund hits you with a +0 flail of distortion.
Space warps around you. ๐Ÿ˜ฎ HP[-14] MP[-2]
You take 14 damage, and now have 41/62 hp.
MASSIVE DAMAGE!! (PAUSE)
You lost 2 mp, and now have 4/6 mp.
You slash Edmund! Edmund barely misses you.
You closely miss Edmund.
Edmund hits you with a +0 flail of distortion!
You are cast into the Abyss!
This branch contains the abyssal rune of Zot. ๐Ÿ˜ฎ HP[-7]
You take 7 damage, and now have 34/62 hp. ๐Ÿ˜ฎ HP[+1] ๐Ÿ˜ฎ HP[+1] ๐Ÿ˜ฎ MP[+1] ๐Ÿ˜ฎ HP[+1] ๐Ÿ˜ฎ HP[+1] ๐Ÿ˜ฎ HP[+1] ๐Ÿ˜ฎ MP[+1]
Your mp is fully restored (6). ๐Ÿ˜ฎ HP[+1]
A small abomination comes into view. ๐Ÿ˜ฎ HP[+1]
A blink frog comes into view. ๐Ÿ˜ฎ HP[+1]
The blink frog gives a loud, deep croak!
You hear a loud, deep croak!
A blink frog comes into view. x2
Found a corrupted altar of Lugonu.
The blink frog attacks as it pursues you!
The blink frog hits you.
The blink frog blinks!
You block the blink frog's attack.
The blink frog hits you! ๐Ÿ˜ฎ HP[-6] MP[-1]
You take 6 damage, and now have 36/62 hp.
You lost 1 mp, and now have 5/6 mp.
The blink frog blinks! x2
The blink frog blinks! x2 ๐Ÿ˜ฎ HP[+1]
You hit the blink frog. Your headbutt misses the blink frog.
The blink frog hits you!
* * * LOW HITPOINT WARNING * * *
The blink frog blinks! x2 ๐Ÿ˜จ HP[-6] MP[-1]
You take 6 damage, and now have 31/62 hp.
You lost 1 mp, and now have 4/6 mp. ๐Ÿ˜ฎ HP[+1]
A fire bat comes into view.
The blink frog attacks as it pursues you!
The blink frog hits you.
* * * LOW HITPOINT WARNING * * *
You block the blink frog's attack. ๐Ÿ˜จ HP[-5] MP[-1]
You take 5 damage, and now have 27/62 hp.
You lost 1 mp, and now have 3/6 mp.
You block the fire bat's attack.
The blink frog attacks as it pursues you!
You block the blink frog's attack. The blink frog hits you.
* * * LOW HITPOINT WARNING * * *
The fire bat bites you.
* * * LOW HITPOINT WARNING * * *
You are engulfed in flames.
* * * LOW HITPOINT WARNING * * *
The blink frog hits you!
* * * LOW HITPOINT WARNING * * *
The blink frog blinks! ๐Ÿ˜ฑ HP[-22] MP[-3]
You take 22 damage, and now have 5/62 hp.
MASSIVE DAMAGE!! (PAUSE)
You lost 3 mp, and now have 0/6 mp.
The fire bat bites you.
* * * LOW HITPOINT WARNING * * *
You are engulfed in flames.
You die...

Skill      XL: |  1  2  3  4  5  6  7 |
---------------+----------------------+-----
Axes           | 3 4 5 6 |  6.7
Armour         | 4 5 |  5.6
Fighting       | 4 5 |  5.6
Shields        | 4 5 |  5.6
Throwing       | 1 2 3 |  3.1

Action                     |  1- 3 |  4- 6 |  7- 9 || total
---------------------------+-------+-------+-------++-------
  Melee: War axe           |    83 |   100 |    50 ||   233
         Headbutt          |    13 |     8 |     7 ||    28
    Use: Scroll            |       |       |     8 ||     8
 Armour: Scale mail        |    62 |    75 |    38 ||   175
  Dodge: Dodged            |    44 |    34 |    18 ||    96
  Block: Buckler           |    18 |       |       ||    18
         Kite shield       |       |    43 |    23 ||    66

Levels and vault maps discovered:
D:1:      sevenhm_arrival_forest_fort_small_4, layout_loops_ring,
          shapermc_ecumenical_altar_mp_ritualfount, nicolae_grassy_gnolls
D:2:      layout_loops_ring, roderic_lattice_a, roderic_serpentine_path
D:3:      layout_basic, nicolae_dithmenos_shadow_blocks, guppyfry_early_orc_mine
D:4:      layout_cave_pods, uniq_blork_the_orc, uniq_sigmund, uniq_ijyb
D:5:      layout_basic, okawaru_altar_gauntlet_db, uniq_pikel, uniq_edmund
Abyss:1:  base:
D:2

Notes
Turn   | Place    | Note
-------+----------+-------------------------------------------
     0 | D:1      | Sanktem7 the Minotaur Fighter began the quest for the Orb.
     0 | D:1      | Reached XP level 1. HP: 19/19 MP: 0/0
     0 | D:1      | magus.rc [v1.9.6]
   121 | D:1      | Reached XP level 2. HP: 22/25 MP: 1/1
   122 | D:1      | Reached skill level 3 in Axes
   157 | D:1      | Found a faded altar of an unknown god.
   277 | D:1      | Reached skill level 4 in Armour
   277 | D:1      | Reached XP level 3. HP: 33/33 MP: 2/2
   345 | D:1      | Reached skill level 4 in Fighting
   345 | D:1      | Reached skill level 4 in Shields
  1287 | D:2      | Reached XP level 4. HP: 40/40 MP: 3/3
  1724 | D:3      | You pick up a book of Decay and begin reading...
  1724 | D:3      | You add the spells Cigotuvi's Dreadful Rot, Dispel Undead
                  | and Death Channel to your library.
  1859 | D:3      | Reached skill level 4 in Axes
  1949 | D:3      | Found a shadowy altar of Dithmenos.
  1957 | D:3      | Reached skill level 1 in Throwing
  2329 | D:4      | Noticed Sigmund
  2348 | D:4      | HP: 5/40 [something (10)]
  2349 | D:4      | HP: 1/40 [Sigmund/+0 scythe (4)]
  2350 | D:4      | Killed Sigmund
  2351 | D:4      | Reached XP level 5. HP: 2/47 MP: 0/4
  2351 | D:4      | Reached XP level 6. HP: 2/53 MP: 0/5
  2634 | D:4      | Reached skill level 5 in Axes
  2634 | D:4      | Reached skill level 2 in Throwing
  2735 | D:4      | Noticed Blork the orc
  2744 | D:4      | Killed Blork the orc
  2745 | D:4      | Reached skill level 5 in Fighting
  2745 | D:4      | Reached skill level 5 in Armour
  2919 | D:4      | Reached skill level 5 in Shields
  3020 | D:4      | Reached XP level 7. HP: 25/61 MP: 2/6
  3161 | D:4      | Noticed Ijyb
  3175 | D:4      | Killed Ijyb
  3561 | D:5      | Entered Level 5 of the Dungeon
  3650 | D:5      | Reached skill level 6 in Axes
  3764 | D:5      | Reached skill level 3 in Throwing
  3964 | D:5      | Noticed Edmund
  3974 | D:5      | You are cast into the Abyss!
  3974 | Abyss:1  | Cast into level 1 of the Abyss (Edmund)
  4000 | Abyss:1  | Noticed a blink frog
  4002 | Abyss:1  | Noticed a blink frog
  4002 | Abyss:1  | Noticed a blink frog
  4003 | Abyss:1  | Found a corrupted altar of Lugonu.
  4010 | Abyss:1  | Found a corrupted altar of Lugonu.
  4010 | Abyss:1  | Found a corrupted altar of Lugonu.
  4014 | Abyss:1  | Noticed a fire bat
  4016 | Abyss:1  | HP: 5/62 [blink frog (12)]
  4017 | Abyss:1  | HP: 1/62 [fire bat (5)]
  4017 | Abyss:1  | Slain by a fire bat

Vanquished Creatures
  Sigmund (D:4)
  2 ogres
  A phantom (D:5)
  2 scorpions
  Blork the orc (D:4)
  A howler monkey (D:5)
  2 orc priests (D:4)
  A hound (D:5)
  Ijyb (D:4)
  An iguana (D:4)
  6 adders
  A gnoll (D:1)
  A worm (D:2)
  2 dart slugs
  7 orcs
  7 bats
  5 endoplasms
  4 giant cockroaches
  7 goblins
  5 hobgoblins
  4 jackals (D:4)
  2 kobolds
  2 quokkas (D:1)
  7 ball pythons
  2 frilled lizards (D:1)
  7 rats
82 creatures vanquished.

Table legend:
 A = Non-vault XP
 B = Vault XP
 C = Vault XP percentage of total XP
 D = Non-vault monster count
 E = Vault monster count
 F = Vault count percentage of total count
                 A         B        C        D         E       F
            +---------+---------+-------+---------+---------+-------
      Total |     909 |     365 |  28.6 |      71 |      11 |  13.4
            +---------+---------+-------+---------+---------+-------
        D:1 |      46 |      13 |  22.0 |      27 |       1 |   3.6
        D:2 |      54 |       0 |   0.0 |      10 |       0 |   0.0
        D:3 |      45 |      17 |  27.4 |      13 |       7 |  35.0
        D:4 |     349 |     335 |  49.0 |      15 |       3 |  16.7
        D:5 |     415 |       0 |   0.0 |       6 |       0 |   0.0
            +---------+---------+-------+---------+---------+-------

Skill      XL: |  1  2  3  4  5  6  7 |
---------------+----------------------+-----
Axes           | 3 4 5 6 |  6.7
Armour         | 4 5 |  5.6
Fighting       | 4 5 |  5.6
Shields        | 4 5 |  5.6
Throwing       | 1 2 3 |  3.1

Action                     |  1- 3 |  4- 6 |  7- 9 || total
---------------------------+-------+-------+-------++-------
  Melee: War axe           |    83 |   100 |    50 ||   233
         Headbutt          |    13 |     8 |     7 ||    28
    Use: Scroll            |       |       |     8 ||     8
 Armour: Scale mail        |    62 |    75 |    38 ||   175
  Dodge: Dodged            |    44 |    34 |    18 ||    96
  Block: Buckler           |    18 |       |       ||    18
         Kite shield       |       |    43 |    23 ||    66

Illustrated notes

Table legend:
 A = Kills in this place as a percentage of kills in the entire game.
 B = Kills by you in this place as a percentage of kills by you in the entire game.
 C = Kills by friends in this place as a percentage of kills by friends in the entire game.
 D = Other kills in this place as a percentage of other kills in the entire game.
 E = Experience gained in this place as a percentage of experience gained in the entire game.
 F = Experience gained in this place divided by the number of levels of this place that you have seen.
                   A       B       C       D       E      F
               +-------+-------+-------+-------+-------+----------------------
         Total | 100.0 | 100.0 |   N/A |   N/A | 100.0 | 212.3
       Dungeon | 100.0 | 100.0 |   N/A |   N/A | 100.0 | 254.8
               +-------+-------+-------+-------+-------+----------------------

Table legend: (Time is in decaauts)
 A = Elapsed time spent in this place.
 B = Non-inter-level travel time spent in this place.
 C = Inter-level travel time spent in this place.
 D = Time resting spent in this place.
 E = Time spent auto-exploring this place.
 F = Levels seen in this place.
 G = Mean time per level.
                   A        B        C        D        E       F      G
               +--------+--------+--------+--------+--------+-----+--------+
         Total |   4100 |   3983 |    117 |      0 |   3323 |   6 |  683.3 |
       Dungeon |   4057 |   3940 |    117 |      0 |   3323 |   5 |  811.4 |
         Abyss |     43 |     43 |      0 |      0 |      0 |   1 |   43.0 |
               +--------+--------+--------+--------+--------+-----+--------+

Top non-repeatable levels by time:
     D:4: 1287 daAuts
     D:2: 850 daAuts
     D:1: 754 daAuts
     D:3: 741 daAuts
     D:5: 423 daAuts
 Abyss:1: 43 daAuts
